K2, neutral male human Wizard --- -- -- ----.---- --.--- |........|.--...[.| -.............--- -...|...| ......| |...---..--..... - --.. --....| --- --.>.| ---- ---....- |<.| |...--.--- ----- --..| -I---|...| --.|.-- |...| .. ---.--|.....-----.--- --- |...|...........| ---- ---.|....---..--- ---..| |......| |...-- |....-- ---....- --...--- |.....| |...... |.....| |...--- ----...|--....---.--- ----- ---......| -------- K2 the Conjurer Experience level: 5 Strength: 12 Dexterity: 10 Constitution: 14 Intelligence: 18 Wisdom: 11 Charisma: 12 Health: 0(34) Energy: 64(64) Def: 20 Gold: 215 Moves: 2712 Dungeon seed: qCVPl5RULizum2sW Game ID: K2_1475625908 Your Inventory: Coins $ - 215 gold pieces Weapons a - an uncursed +0 elven dagger (weapon in hand) b - 2 uncursed +0 orcish daggers (in quiver) K - 8 uncursed +0 darts Armor A - an uncursed +0 cloak of magic resistance (being worn) B - a blessed +3 studded leather armor (being worn) D - an uncursed +0 orcish helm (being worn) Scrolls i - an uncursed scroll of destroy armor j - 2 uncursed scrolls of remove curse v - a cursed scroll of light E - a cursed scroll of magic mapping F - a blessed scroll of taming J - a cursed scroll of taming Spellbooks l - a blessed spellbook of force bolt m - an uncursed spellbook of protection y - an uncursed spellbook of haste self Potions f - an uncursed potion of oil g - an uncursed potion of restore ability Rings d - an uncursed ring of cold resistance n - an uncursed ring of free action (on left hand) w - an uncursed ring of shock resistance Wands s - an uncursed wand of cold (0:7) Tools c - an uncursed magic marker (0:94) k - an uncursed skeleton key p - an uncursed +0 pick-axe (alternate weapon; not wielded) t - an uncursed towel L - 4 uncursed tallow candles (0:200) Gems e - an uncursed worthless piece of orange glass q - an uncursed worthless piece of blue glass Spells and supernatural/magical abilities: Name Level Category Fail Memory a - force bolt 1 attack 0% 87% p - protection 1 clerical 0% 87% W - pray for help -- divine ? -- Your skills at the end: Fighting Skills wands [Basic] Weapon Skills dagger [Basic] quarterstaff [Basic] Spellcasting Skills attack spells [Basic] enchantment spells [Basic] Final Attributes: You were piously aligned. You were poison resistant. You were magic-protected. You were blinded. You were protected. You had free action. You are dead. Vanquished creatures: a shrieker a straw golem 2 homunculi a kobold lord a hobbit 2 giant rats 4 cave spiders 3 green molds 2 red molds 2 gnomes 3 geckos 4 jackals 3 kobolds 3 goblins 3 sewer rats 3 grid bugs a bat 6 lichens a kobold zombie 6 newts 52 creatures vanquished. Voluntary challenges: You used a wielded weapon 94 times, starting on turn 95. You were illiterate. You never genocided any monsters. You never polymorphed an object. You never changed form. You used no wishes. You never split a pudding. You never wrote Elbereth's name. You never violated your personal moral code. You abstained from Elbereth's help. Dungeon overview: The Dungeons of Doom: levels 1 to 4 Level 1 an altar to Thoth, a fountain a long staircase Level 2 stairs to The Gnomish Mines Level 3 a general store, a fountain Level 4 a hardware shop The Gnomish Mines: Level 3 <- You were here stairs to The Dungeons of Doom History has recorded: On T:1 you entered the Dungeons of Doom to retrieve the Amulet of Yendor! On T:262 you advanced to experience level 2. On T:396 you reached level 2 of The Dungeons of Doom. On T:607 you advanced to experience level 3. On T:909 you reached level 3 of The Dungeons of Doom. On T:1282 you advanced to experience level 4. On T:1698 you reached level 4 of The Dungeons of Doom. On T:2250 you advanced to experience level 5. On T:2641 you reached level 1 of The Gnomish Mines. Score breakdown: Gold: 215 ( 7941 points) Experience: 5 levels (11141 points) Exploration: 4 levels ( 8.89%) ( 7833 points) Discoveries: 3 items ( 1.03%) ( 3046 points) Valuables value: (no points given unless you survive) Artifact value: 0 ( 0 points) Variety of kills: 20 monsters ( 5.22%) ( 6855 points) Turncount: 2712 turns ( -450 points) Survival: died (score multiplied by 80%) Total score: 29092 Latest messages: This wall is too hard to dig into. You don't have anything to eat. You are now wielding your runed dagger. p - a pick-axe (alternate weapon; not wielded). You hear the chime of a cash register. q - a blue gem. Wizard needs food, badly! You hit the gnome. The gnome misses. You kill the gnome! The gnome king wields a long sword named Frost Brand! You are too hungry to cast that spell. You miss the gnome king. You hit the gnome king. The gnome king swings his long sword named Frost Brand at you. The gnome king misses. You faint from lack of food. It misses. (3x) The ice-cold blade freezes you! Your potion of sickness freezes and shatters! The ice-cold blade freezes you! It just misses! The ice-cold blade freezes you! You die... Final status: Goodbye K2 the Wizard, killed by a gnome king, while fainted from lack of food... You died in The Gnomish Mines on dungeon level 3 with 29092 points, and 215 pieces of gold, after 2712 moves. You were level 5 with a maximum of 34 hit points when you died.